 Dungeon Crawl Stone Soup version 0.30.1-3-gfc49f6343a (webtiles) character file.

Game seed: 2773240551671611768

290 Gorgoleon the Digger (level 6, -7/32 HPs)
             Began as a Gargoyle Earth Elementalist on July 19, 2023.
             Mangled by an ogre
             ... wielding a +0 giant club
              (14 damage)
             ... on level 4 of the Dungeon on July 20, 2023.
             The game lasted 00:09:00 (2616 turns).

Gorgoleon the Digger (Gargoyle Earth Elementalist)  Turns: 2616, Time: 00:09:02

Health: -7/32      AC:  7    Str: 12    XL:     6   Next: 32%
Magic:  7/9        EV: 12    Int: 17    God:
Gold:   140        SH:  0    Dex: 10    Spells: 5/9 levels left

rFire   . . .        s - +0 whip
rCold   . . .        (no shield)
rNeg    + . .        a - +0 robe
rPois   ∞            (no helmet)
rElec   +            (no cloak)
rCorr   .            (no gloves)
SInv    .            x - +0 pair of boots
Will    .....        (no amulet)
Stlth   ++           (no ring)
HPRegen 0.25/turn    (no ring)
MPRegen 0.11/turn

%: no passive effects
@: no status effects
A: sickness immunity, AC +4, negative energy resistance 1, electricity
resistance, torment resistance 1, petrification resistance
a: no special abilities


You were on level 4 of the Dungeon.
You visited 1 branch of the dungeon, and saw 4 of its levels.

You collected 140 gold pieces.

Inventory:

Hand Weapons
 h - a +0 club
 s - a +0 whip (weapon)
Missiles
 c - 40 stones
 e - 4 atropa-tipped darts
Armour
 a - a +0 robe (worn)
 x - a +0 pair of boots (worn)
 C - the +0 robe of the Beloved God {+Blink rC+ Dex+5}
   (You found it on level 4 of the Dungeon)

   Dex:       It affects your dexterity (+5).
   rC:        It protects you from cold.
   +Blink:    It lets you blink.
Jewellery
 f - a ring of fire
 r - a ring of flight
 w - a ring of willpower
Wands
 t - a wand of polymorph (6)
Scrolls
 d - a scroll of silence {unknown}
 g - 2 scrolls of enchant armour {unknown}
 i - a scroll of teleportation {unknown}
 j - a scroll of magic mapping {unknown}
 k - a scroll of identify {unknown}
 l - 2 scrolls of blinking {unknown}
 n - a scroll of fog {unknown}
 o - a scroll of poison {unknown}
 q - a scroll of enchant weapon {unknown}
 y - a scroll of vulnerability {unknown}
Potions
 b - 2 potions of magic
 m - a potion of mutation {unknown}
 p - a potion of berserk rage {unknown}
 u - a potion of haste {unknown}
 v - a potion of attraction {unknown}
 z - a potion of might {unknown}
 A - a potion of degeneration {unknown}
 B - a potion of lignification {unknown}


   Skills:
 - Level 2.0 Dodging
 - Level 2.1 Stealth
 - Level 2.0 Spellcasting
 * Level 2.0 Conjurations
 - Level 0.7 Transmutations
 + Level 7.7 Earth Magic


You had 5 spell levels left.
You knew the following spells:

 Your Spells              Type           Power      Damage    Failure   Level
a - Sandblast             Erth           54%        2d13      1%          1
b - Stone Arrow           Conj/Erth      36%        3d9       8%          3

Your spell library contained the following spells:

 Spells                   Type           Power      Damage    Failure   Level
 Passwall                 Tmut/Erth      13%        N/A       5%          2
 Freeze                   Ice            4%         1d3       19%         1
 Wereblood                Tmut           4%         N/A       22%         2
 Petrify                  Tmut/Erth      16%        N/A       34%         4
 Hailstorm                Conj/Ice       5%         3d4       36%         3
 Frozen Ramparts          Ice            2%         1d1       50%         3
 Borgnjor's Vile Clutch   Necr/Erth      7%         N/A       73%         5
 Alistair's Intoxication  Tmut/Pois      1%         N/A       99%         5
 Eringya's Noxious Bog    Tmut/Pois      1%         N/A       100%        6
 Summon Hydra             Summ           0%         N/A       100%        7
 Sublimation of Blood     Necr           Unusable   N/A       N/A         2

Dungeon Overview and Level Annotations

Branches:
Dungeon (4/15)
 Temple: D:4-7

Altars:
Fedhas
Uskayaw

Shops:
D:1 =   D:3 ?


Innate Abilities, Weirdness & Mutations

You are immune to sickness and miasma.
Your stone body is resilient. (AC +4)
You are immune to poison.
You resist negative energy. (rN+)
You are resistant to electric shocks. (rElec)
You are resistant to unholy torment.
You are immune to petrification.


Message History

You see here the +0 robe of the Beloved God {+Blink rC+ Dex+5}.
C - the +0 robe of the Beloved God {+Blink rC+ Dex+5} The orc closely misses you.
Aiming: Sandblast (safe; 1% risk of failure)
Press: ? - help, Q - select action, (/) - cycle Shift-Dir - straight line, f - orc
Aim: an orc, wielding a +0 dagger (83% to hit)
The blast of sand hits the orc.
You kill the orc!
There is a stone staircase leading up here.
You climb upwards.
There is a stone staircase leading down here.
There is a stone staircase leading down here.
You climb downwards.
There is a stone staircase leading up here.
You climb upwards.
There is a stone staircase leading down here.
There is a stone staircase leading down here.
You climb downwards.
There is a stone staircase leading up here.
Found a scroll labelled XOSILO NUCISUE.
There is a stone staircase leading up here.
An ogre comes into view. It is wielding a +0 giant club.
The ogre shouts!
You see here a scroll labelled XOSILO NUCISUE.
Aiming: Sandblast (safe; 1% risk of failure)
Press: ? - help, Q - select action, (/) - cycle Shift-Dir - straight line, f - ogre
Aim: an ogre, wielding a +0 giant club (92% to hit)
The blast of sand misses the ogre.
A giant cockroach comes into view.
The ogre attacks as you move away!
The ogre hits you with a +0 giant club!!
Ouch! That really hurt!
* * * LOW HITPOINT WARNING * * *
Aiming: Sandblast (safe; 1% risk of failure)
Press: ? - help, Q - select action, (/) - cycle Shift-Dir - straight line, f/p - ogre
Aim: an ogre, wielding a +0 giant club (92% to hit)
The blast of sand hits the ogre!
The ogre is moderately wounded.
The ogre hits you with a +0 giant club!
You die...

....#.. #.....# .$...# ##
.............. ..# #
#............# #.# .##
##........ ..# #.##..
#........###.# #....
##........##<.####..#
#......... ##@...#..#
.......).###.O......####
.................†...<.#
..###...###......#.......#
#!.......##.###..#....#.....
##...#.###.......#.##.# ..##
##..### #####?.[..# ... ##
## #.....#........
#.....###....#...


You could see an ogre.

Vanquished Creatures
  Grinder (D:3)
  Jessica (D:2)
  2 adders (D:2)
  A worm (D:3)
  3 dart slugs
  An orc (D:4)
  2 ball pythons
  4 bats
  5 endoplasms
  2 giant cockroaches (D:2)
  A goblin (D:1)
  3 hobgoblins
  5 jackals (D:1)
  2 quokkas
  A frilled lizard (D:2)
  4 kobolds
  A rat (D:3)
39 creatures vanquished.

Notes
Turn   | Place    | Note
-------+----------+-------------------------------------------
     0 | D:1      | Gorgoleon the Gargoyle Earth Elementalist began the quest
                  | for the Orb.
     0 | D:1      | Reached XP level 1. HP: 10/10 MP: 3/3
   189 | D:1      | Found Oqoroetu's Jewellery Boutique.
   198 | D:1      | Reached skill level 4 in Earth Magic
   335 | D:1      | Reached XP level 2. HP: 15/15 MP: 1/5
   443 | D:1      | Found a faded altar of an unknown god.
   787 | D:2      | Reached skill level 5 in Earth Magic
   787 | D:2      | Reached XP level 3. HP: 19/19 MP: 4/6
   924 | D:2      | Learned a level 3 spell: Stone Arrow
   978 | D:2      | Noticed Jessica
   981 | D:2      | Killed Jessica
   998 | D:2      | Reached XP level 4. HP: 24/24 MP: 4/7
  1275 | D:2      | Found a blossoming altar of Fedhas.
  1344 | D:2      | Reached skill level 6 in Earth Magic
  1767 | D:3      | Found Susyfeg's Magic Scroll Emporium.
  1805 | D:3      | Found a faded altar of an unknown god.
  1809 | D:3      | Found a hide-covered altar of Uskayaw.
  2366 | D:3      | Noticed Grinder
  2378 | D:3      | Killed Grinder
  2379 | D:3      | Reached skill level 7 in Earth Magic
  2379 | D:3      | Reached XP level 5. HP: 15/28 MP: 0/8
  2379 | D:3      | Reached XP level 6. HP: 17/32 MP: 0/9
  2540 | D:4      | Identified the +0 robe of the Beloved God {+Blink rC+
                  | Dex+5}
  2616 | D:4      | Mangled by an ogre

Illustrated notes

Levels and vault maps discovered:
D:1:      matt_arrival_spirals, layout_rooms, ebering_ecumenical_altar_mist,
          serial_shops, shop
D:2:      layout_basic, basic_altar, minmay_crystal_water, minivault_26,
          hangedman_decor_peaks_small, uniq_jessica
D:3:      layout_loops_ring, nicolae_overflow_ecumenical_swirl, serial_shops,
          shop, kennysheep_generic_room_15, uniq_grinder
D:4:      layout_cave_pools, nicolae_ashenzari_panopticon

Skill      XL: |  1  2  3  4 |
---------------+-------------+-----
Earth Magic    | 4 5 7 |  7.7
Dodging        | 2 |  2.0
Conjurations   | 2 |  2.0
Stealth        | |  2.1
Spellcasting   | |  2.0
Transmutations | |  0.7

Action                     |  1- 3 |  4- 6 || total
---------------------------+-------+-------++-------
  Melee: Unarmed           |     5 |       ||     5
         Club              |    19 |       ||    19
         Whip              |       |    33 ||    33
  Throw: Dart              |     2 |     1 ||     3
         Stone             |     1 |     2 ||     3
   Cast: Sandblast         |    23 |    21 ||    44
   Stab: Sleeping          |       |     5 ||     5
 Armour: Robe              |    10 |    13 ||    23
  Dodge: Dodged            |    28 |    23 ||    51
